 Dungeon Crawl Stone Soup version 0.18.1-50-g88ac8fd (webtiles) character file.

2550 spiff the Insei (level 9, -3/64 HPs)
             Began as an Octopode Transmuter on Sept 23, 2016.
             Was an Initiate of Cheibriados.
             Slain by an orc
             ... wielding a +0 flail
              (4 damage)
             ... on level 8 of the Dungeon.
             The game lasted 00:29:32 (10262 turns).

spiff the Insei (Octopode Transmuter)              Turns: 10262, Time: 00:29:32

Health: -3/64      AC:  2    Str: 10    XL:     9   Next: 56%
Magic:  10/13      EV: 20    Int: 16    God:    Cheibriados [......]
Gold:   398        SH:  0    Dex: 22    Spells: 3 memorised, 5 levels left

rFire  . . .     SeeInvis .       - Unarmed
rCold  . . .     Gourm    .     (shield currently unavailable)
rNeg   + + .     Faith    .     (helmet currently unavailable)
rPois  x         Spirit   .     (no amulet)
rElec  .         Dismiss  .     g - +3 ring of slaying
rCorr  .         Reflect  .     i - ring of positive energy
SustAt .         Harm     .     v - ring of positive energy
MR     .....                    (no ring)
Stlth  ++........               (no ring)
                                (no ring)
                                (no ring)
                                (no ring)

@: spider-form, very slow, not resistant to hostile enchantments, unstealthy
A: almost no armour, (amphibious), 8 rings, (constrict 8), (camouflage 0),
(gelatinous body 0)
a: End Transformation, Bend Time, Renounce Religion


You were on level 8 of the Dungeon.
You worshipped Cheibriados.
Cheibriados was noncommittal.
You were near starving.
You were a venomous arachnid creature.
You visited 2 branches of the dungeon, and saw 9 of its levels.
You also visited: Sewer and Bailey.

You collected 398 gold pieces.

Inventory:

Missiles
 a - 94 arrows
Jewellery
 g - a +3 ring of slaying (left front leg)
 i - a ring of positive energy (right front leg)
 v - a ring of positive energy (on tentacle)
Wands
 q - a wand of digging (12/24)
 x - a wand of polymorph (9/24)
 y - a wand of iceblast (0/15)
 C - a wand of iceblast (0/15)
Scrolls
 d - 7 scrolls of remove curse
 e - a scroll of teleportation
 p - a scroll of fog
 t - a scroll of enchant weapon
 w - a scroll of amnesia
 F - a scroll of identify
Potions
 f - 2 potions of heal wounds
 h - a potion of lignification
 k - 7 potions of flight
 n - 2 potions of degeneration
 o - a potion of haste
 s - a potion of curing
 u - 2 potions of resistance
 A - 2 potions of cancellation
 D - a potion of cure mutation
 E - 2 potions of beneficial mutation {unknown}
Books
 b - a book of Changes

   Spells                             Type                      Level
   a - Beastly Appendage              Transmutation                1
   b - Sticks to Snakes               Transmutation                2
   c - Spider Form                    Transmutation/Poison         3
   d - Ice Form                       Ice/Transmutation            4
   e - Blade Hands                    Transmutation                5
 z - an Akashic Record

   Spells                             Type                      Level
   a - Dispersal                      Translocation                6
   b - Malign Gateway                 Summoning/Translocation      7
   c - Disjunction                    Translocation                8
   d - Controlled Blink               Translocation                8
 B - a book of Conjurations

   Spells                             Type                      Level
   a - Magic Dart                     Conjuration                  1
   b - Searing Ray                    Conjuration                  2
   c - Dazzling Spray                 Conjuration/Hexes            3
   d - Fulminant Prism                Conjuration/Hexes            4
   e - Iskenderun's Mystic Blast      Conjuration                  4
   f - Iskenderun's Battlesphere      Conjuration/Charms           5
Comestibles
 c - 4 bread rations
 j - 3 slices of pizza
 l - 5 meat rations
 m - 15 fruits
 r - a beef jerky


   Skills:
 - Level 7.1 Fighting
 + Level 4.8 Dodging
 - Level 7.2 Unarmed Combat
 - Level 3.1 Spellcasting
 + Level 6.2 Transmutations
 - Level 2.1 Poison Magic


You had 5 spell levels left.
You knew the following spells:

 Your Spells              Type           Power        Failure   Level  Hunger
a - Beastly Appendage     Trmt           ###...       6%          1    None
b - Blade Hands           Trmt           ###.......   61%         5    ######.
q - Spider Form           Trmt/Pois      ###.......   28%         3    ###....


Dungeon Overview and Level Annotations

Branches:
Dungeon (8/15)             Temple (1/1) D:7
   Lair: D:8-11

Altars:
Ashenzari
Cheibriados
Dithmenos
Elyvilon
Fedhas
Gozag
Kikubaaqudgha
Makhleb
Nemelex Xobeh
Okawaru
Pakellas
Qazlal
Ru
Sif Muna
Trog
Vehumet
Xom
Yredelemnul
Zin
The Shining One

Shops:
D:5 *

Annotations:
D:4 spiff's ghost, novice OpTm
D:6 jerryfan's ghost, novice DrAr


Innate Abilities, Weirdness & Mutations

You cannot wear most types of armour.
((You are amphibious.))
You can wear up to eight rings at the same time.
((You can use your tentacles to constrict eight enemies at once.))
((Your skin changes colour to match your surroundings (Stealth).))
((Your rubbery body absorbs attacks (AC +1).))


Message History

Casting: Spider Form
Confirm with . or Enter, or press ? or * to list all spells.
You turn into a venomous arachnid creature.
The orc warrior hits you from afar with a trident!
The orc completely misses you. The orc warrior misses you.
The orc completely misses you.
Found a stone staircase leading down.
An orc priest comes into view.
A jackal zombie comes into view.
The jackal zombie moves out of view.
The orc priest misses you.
The orc warrior hits you with a trident!
The orc priest miscasts a cantrip.
The orc hits you but does no damage.
There is an escape hatch in the ceiling here.
The orc priest invokes the aid of Beogh against you.
Beogh smites you!
The orc warrior hits you with a trident!!
* * * LOW HITPOINT WARNING * * *
The orc priest misses you. The orc hits you with a flail.
You die...

#######################
..............%........
#.#.........##########
##.#...†........#
..........?.....#
...#............# #.
#...o.....####
#..so.....#
.......o####.##
....###.# #.# ..#. ..o
. > . ... . ..... ##...
#. ..... #.# ..


You could see an orc warrior, 2 orc priests and an orc.

Vanquished Creatures
  Prince Ribbit (D:7)
  Menkaure (D:7)
  A black bear (D:4)
  4 phantoms
  An ice beast (D:8)
  An orc warrior (D:7)
  The ghost of WhiskeyPanda the Sneak, an amateur NaEn (D:3)
  2 centaurs (D:5)
  A big kobold (Sewer)
  4 giant frogs
  3 scorpions
  A howler monkey (D:8)
  2 giant frog zombies
  3 orc priests
  5 hounds
  A jelly (D:7)
  4 orc wizards
  2 worker ants
  A hound skeleton (D:6)
  4 gnolls
  11 adders
  3 river rats (Sewer)
  3 oozes
  An adder zombie (D:7)
  2 adder skeletons
  2 worms (D:2)
  A dart slug (D:1)
  9 giant geckos
  29 orcs
  8 bats
  6 giant cockroaches
  10 hobgoblins
  17 jackals
  A quokka (D:3)
  4 ball pythons
  A giant gecko skeleton (D:4)
  7 giant newts
  14 goblins
  11 kobolds
  6 rats
189 creatures vanquished.

Notes
Turn   | Place    | Note
--------------------------------------------------------------
     0 | D:1      | spiff the Octopode Transmuter began the quest for the Orb.
     0 | D:1      | Reached XP level 1. HP: 13/13 MP: 3/3
   178 | D:1      | Reached XP level 2. HP: 16/18 MP: 3/5
   611 | D:1      | Reached XP level 3. HP: 23/23 MP: 6/6
  1534 | D:2      | Reached XP level 4. HP: 25/28 MP: 5/7
  1927 | D:2      | Found a sacrificial altar of Ru.
  2242 | D:2      | Learned a level 3 spell: Spider Form
  2316 | D:3      | Reached XP level 5. HP: 30/33 MP: 1/8
  2319 | D:3      | Noticed WhiskeyPanda's ghost (amateur NaEn)
  3001 | D:3      | Found a burning altar of Makhleb.
  3003 | D:3      | Found a bloodstained altar of Trog.
  3031 | D:3      | Reached skill level 5 in Unarmed Combat
  3031 | D:3      | Reached XP level 6. HP: 36/38 MP: 5/9
  3056 | D:3      | Found a shattered altar of Ashenzari.
  3351 | D:3      | Killed WhiskeyPanda's ghost
  3559 | D:4      | Found a glowing drain.
  3582 | D:4      | Reached skill level 5 in Transmutations
  3590 | Sewer    | Entered a sewer
  3807 | Sewer    | Reached skill level 1 in Poison Magic
  3807 | Sewer    | Reached XP level 7. HP: 22/43 MP: 7/10
  4059 | Sewer    | Found a white marble altar of Elyvilon.
  4259 | D:4      | Noticed spiff's ghost (novice OpTm)
  5748 | D:4      | Reached XP level 8. HP: 47/48 MP: 11/11
  5903 | D:5      | Entered Level 5 of the Dungeon
  5942 | D:5      | Found Xuvais's General Store.
  6930 | D:6      | Noticed jerryfan's ghost (novice DrAr)
  7237 | D:6      | Found a glowing silver altar of Zin.
  7588 | D:6      | Reached skill level 5 in Fighting
  7779 | D:6      | Found a radiant altar of Vehumet.
  7920 | D:6      | Found a deep blue altar of Sif Muna.
  7996 | D:7      | Learned a level 5 spell: Blade Hands
  8115 | D:7      | Reached XP level 9. HP: 50/62 MP: 9/13
  8528 | D:7      | Noticed Menkaure
  8554 | D:7      | Found a glowing golden altar of the Shining One.
  8575 | D:7      | Noticed Prince Ribbit
  8583 | D:7      | Killed Prince Ribbit
  8601 | D:7      | Found a flagged portal.
  8616 | Bailey   | Entered a bailey
  9045 | D:7      | Found a shimmering altar of Xom.
  9061 | D:7      | Found a staircase to the Ecumenical Temple.
  9092 | Temple   | Entered the Ecumenical Temple
  9224 | Temple   | Became a worshipper of Cheibriados the Contemplative
  9327 | D:7      | Killed Menkaure
 10262 | D:8      | HP: 1/64 [orc warrior/trident (22)]
 10262 | D:8      | Slain by an orc

Skill      XL: |  1  2  3  4  5  6  7  8  9 |
---------------+----------------------------+-----
Transmutations | 3 4 5 6 |  6.2
Unarmed Combat | 4 5 6 7 |  7.2
Poison Magic   | 1 2 |  2.1
Spellcasting   | 3 |  3.1
Fighting       | 5 7 |  7.1
Dodging        | 4 |  4.8

Action                   |  1- 3 |  4- 6 |  7- 9 || total
-------------------------+-------+-------+-------++-------
Melee: Unarmed           |    81 |   133 |   218 ||   432
       Tentacles         |    12 |    17 |    22 ||    51
       Constrict         |    22 |    22 |    34 ||    78
       Kick              |    14 |     5 |     3 ||    22
       Punch             |       |       |     5 ||     5
 Cast: Beastly Appendage |    19 |     9 |     2 ||    30
       Spider Form       |       |     7 |    22 ||    29
Evoke: Wand              |       |       |     3 ||     3
  Use: Scroll            |     1 |     7 |     9 ||    17
 Stab: Sleeping          |     5 |     4 |    13 ||    22
       Distracted        |       |       |     1 ||     1
  Eat: Chunk             |     2 |     9 |    17 ||    28
       Bread ration      |       |       |     1 ||     1
Armor: Skin              |     7 |     9 |     9 ||    25
Dodge: Dodged            |    44 |    96 |   142 ||   282
